[Event "Titled Tuesday Blitz October 25 Late 2022"]
[White "Ardila, Oscar Humberto"]
[Black "Shapiro, Daniel"]
[WhiteFideId "4404742"]
[BlackFideId "2001780"]
[WhiteElo "1898"]
[BlackElo "2231"]
[Result "0-1"]
[Round "05"]
[TimeControl "180+1"]
[Date "2022.10.26"]
[WhiteClock "0:00:21"]
[BlackClock "0:00:06"]

1. d4 Nf6 2. c4 e6 3. Nc3 Bb4 4. Bd2 d5 5. Nf3 Nbd7 6. e3 c6 7. Be2 Bd6 8. O-O O-O 9. Rc1 Qe7 10. Qc2 a6 11. c5 Bc7 12. b4 e5 13. dxe5 Nxe5 14. Rfd1 g6 15. Na4 Bf5 16. Qb2 Ne4 17. Be1 Rae8 18. Nd4 Bc8 19. Nc3 f5 20. Nxe4 fxe4 21. Bc3 Qh4 22. g3 Qh6 23. Bf1 Bg4 24. Re1 Bf3 25. Bg2 Ng4 26. h3 Bxg2 27. Kxg2 Rxf2+ 28. Qxf2 Nxf2 29. Kxf2 Qxh3 30. Ke2 Qg2+ 31. Kd1 Bxg3 32. Re2 Qf1+ 33. Kc2 Qf7 34. Rg1 Be5 35. Reg2 a5 36. b5 cxb5 37. Nxb5 Bxc3 38. Kxc3 Rc8 39. Nd4 Rxc5+ 40. Kd2 Rc4 41. Ke2 Ra4 42. Ke1 Ra3 43. Re2 Qd7 44. Kf2 Qf7+ 45. Ke1 Qd7 46. Kf2 Qh3 47. Rg3 Qh2+ 48. Rg2 Qd6 49. Rg5 Qd7 50. Kg3 b5 51. Kf4 Qf7+ 52. Kg3 b4 53. Re5 Qf6 54. Re8+ Kg7 55. Ra8 Qxd4 56. Kf4 Qf6+ 57. Kg4 Qf3+ 58. Kg5 Qxe2 59. Ra7+ Kf8 60. Ra8+ Ke7 61. Ra7+ Kd6 62. Ra6+ Ke5 63. Ra8 Qg2+ 64. Kh6 Qh3+ 65. Kg7 Qxe3 66. Rf8 d4 67. Re8+ Kf4 68. Rf8+ Kg5 69. Re8 d3 70. Rf8 d2 71. Re8 d1=Q 72. Re5+ Kf4 73. Re7 Qdd4+ 74. Kf8 Qd8+ 75. Kf7 Qxe7+ 76. Kxe7 Qh3 77. Kf7 Qf5+ 78. Kg7 e3 79. Kh8 e2 80. Kg7 e1=Q 0-1


[Site "https://www.chess.com"]

[Event "Titled Tuesday Blitz October 25 Late 2022"]
[White "Ashiku, Franc"]
[Black "Gunduz, Umut Erdem"]
[WhiteFideId "4700066"]
[BlackFideId "6381383"]
[WhiteElo "2306"]
[BlackElo "2182"]
[Result "1-0"]
[Round "05"]
[TimeControl "180+1"]
[Date "2022.10.26"]
[WhiteClock "0:00:25"]
[BlackClock "0:00:04"]

1. d4 Nf6 2. c4 c5 3. d5 e6 4. Nc3 exd5 5. cxd5 d6 6. e4 g6 7. h3 Bg7 8. Nf3 O-O 9. Bd3 b5 10. O-O c4 11. Bc2 b4 12. Ne2 Re8 13. Ng3 a5 14. Re1 Nbd7 15. Nd4 Nc5 16. Nc6 Qb6 17. Be3 Bd7 18. Ba4 Nfxe4 19. Nxe4 Rxe4 20. Qc2 Rae8 21. Kh2 Rxe3 22. Rxe3 Rxe3 23. fxe3 Nxa4 24. Qxa4 Bxb2 25. Re1 Be5+ 26. Kg1 Bxc6 27. Qxc6 Qxc6 28. dxc6 d5 29. Rd1 b3 30. axb3 cxb3 31. Rxd5 Bc7 32. Rb5 a4 33. Rb4 Ba5 34. c7 Bxc7 35. Rxa4 Be5 36. Rb4 b2 37. Kf2 h5 38. Kf3 Kg7 39. g4 h4 40. g5 Kf8 41. Rb7 Kg7 42. Kg4 Kf8 43. Kxh4 Ke8 44. Kg4 Kd8 45. h4 Kc8 46. Rb3 Kc7 47. h5 gxh5+ 48. Kxh5 Kd6 49. Kh6 Kd5 50. Kh7 Kc4 51. Rb7 Kd3 52. Kg8 Kc2 53. Kxf7 b1=Q 54. Rxb1 Kxb1 55. g6 Kc2 56. Ke6 Bh8 57. e4 Kd3 58. Kd5 Ke3 59. e5 Kf4 60. e6 Bf6 61. g7 1-0


[Site "https://www.chess.com"]

[Event "Titled Tuesday Blitz October 25 Late 2022"]
[White "Averjanov, Alexey"]
[Black "Xiong, Jeffery"]
[WhiteFideId "14109867"]
[BlackFideId "2047640"]
[WhiteElo "2675"]
[BlackElo "2725"]
[Result "1/2-1/2"]
[Round "05"]
[TimeControl "180+1"]
[Date "2022.10.26"]
[WhiteClock "0:00:29"]
[BlackClock "0:00:23"]

1. d4 d5 2. c4 e6 3. Nf3 dxc4 4. e3 c5 5. Bxc4 a6 6. O-O Nf6 7. b3 b6 8. Be2 Bb7 9. Ne5 Nbd7 10. Bf3 Qc7 11. Nxd7 Qxd7 12. Bb2 Rd8 13. Nd2 Be7 14. Qe2 O-O 15. Rfd1 Nd5 16. Rac1 Qb5 17. dxc5 Bxc5 18. Qxb5 axb5 19. Ne4 Be7 20. Nc3 Nxc3 21. Bxc3 Bxf3 22. gxf3 Rxd1+ 23. Rxd1 Ra8 24. Rd7 Kf8 25. Bxg7+ Kxg7 26. Rxe7 Rxa2 27. Rb7 Rb2 28. Rxb6 Rxb3 29. Kg2 Kf6 30. f4 b4 31. Kf3 Rb1 32. h4 b3 33. Rb7 Kg7 34. Ke4 Kf6 35. Kf3 h5 36. Ke4 Rb2 37. Kf3 Kg6 38. Rb8 Rb1 39. Ke4 Rh1 40. Rxb3 Rxh4 41. Kf3 Rh1 42. Kg2 Rc1 43. Rb5 Rc8 44. Rg5+ Kh6 45. Kh3 Rc1 46. Kg2 Rc2 47. Kg3 Rd2 48. Kf3 Rd8 49. Kg3 f6 50. Rc5 Rg8+ 51. Kh4 Rg4+ 52. Kh3 Kg6 53. f3 Rg1 54. e4 Rd1 55. f5+ exf5 56. Rxf5 Rg1 57. Rb5 Rg5 58. Rb6 Ra5 59. f4 Kf7 60. Kh4 Ra4 61. Kxh5 Rxe4 62. Kg4 Kg6 63. Ra6 Rb4 64. Rc6 Rb1 65. Rc8 Rg1+ 66. Kf3 Ra1 67. Kg4 Ra3 68. f5+ Kf7 69. Rc7+ Ke8 70. Kf4 Ra4+ 71. Kf3 Rb4 72. Ke3 Rb5 73. Ke4 Re5+ 74. Kf4 Ra5 75. Rb7 Kf8 76. Rc7 Kg8 77. Rb7 Rc5 78. Ra7 Rc4+ 79. Kf3 Kf8 80. Rb7 Ke8 81. Ra7 Rc3+ 82. Ke4 Rb3 83. Kf4 Rb4+ 84. Kf3 Rb5 85. Kf4 Kf8 86. Kf3 Rxf5+ 87. Kg4 Re5 88. Kf4 Ke8 89. Rb7 Rd5 90. Ra7 Kf8 91. Rb7 Kg8 92. Ra7 Rg5 93. Rb7 Rg7 94. Rxg7+ Kxg7 95. Kf5 Kf8 96. Kxf6 1/2-1/2


[Site "https://www.chess.com"]

[Event "Titled Tuesday Blitz October 25 Late 2022"]
[White "Badmatsyrenov, Oleg"]
[Black "Tokhirjonova, Gulrukhbegim"]
[WhiteFideId "24115762"]
[BlackFideId "14203626"]
[WhiteElo "2403"]
[BlackElo "2236"]
[Result "1-0"]
[Round "05"]
[TimeControl "180+1"]
[Date "2022.10.26"]
[WhiteClock "0:00:04"]
[BlackClock "0:00:10"]

1. e4 e5 2. Nc3 Nc6 3. f4 exf4 4. Nf3 Bb4 5. Nd5 Ba5 6. Nxf4 Nf6 7. e5 Ng4 8. Qe2 O-O 9. h3 Ngxe5 10. Nxe5 Nxe5 11. Qb5 Qh4+ 12. Kd1 Qxf4 13. Qxa5 b6 14. Qd5 Nc6 15. Bc4 Qh4 16. Rf1 Qe7 17. a4 Bb7 18. Qf5 Nd4 19. Qf2 c5 20. Ra3 d5 21. Re3 Qd6 22. Ba2 f5 23. c3 f4 24. Ree1 Ne6 25. d3 Rae8 26. Bd2 Kh8 27. h4 Qd7 28. b3 d4 29. c4 Qc6 30. Rg1 Nc7 31. Rxe8 Nxe8 32. Bxf4 Nc7 33. Qg3 Ne6 34. Bd2 h6 35. Kc2 Kh7 36. Bb1 Qc7 37. Qxc7 Nxc7 38. b4 Ne6 39. Ba2 Rf2 40. Kd1 Rxg2 41. Re1 Nf8 42. a5 bxa5 43. bxc5 Bf3+ 44. Kc1 Bc6 45. h5 Nd7 46. Re6 Ba4 47. c6 Nb6 48. c7 Bd7 49. Rd6 Bf5 50. c5 Nc8 51. Rxd4 Rg1+ 52. Kc2 Rg2 53. Rd8 Ne7 54. Kc3 Nc8 55. Bg8+ Kh8 56. Be6+ 1-0


[Site "https://www.chess.com"]

[Event "Titled Tuesday Blitz October 25 Late 2022"]
[White "Baglan, Esat"]
[Black "Buchenau, Frank"]
[WhiteFideId "6309216"]
[BlackFideId "4604350"]
[WhiteElo "2231"]
[BlackElo "2157"]
[Result "1-0"]
[Round "05"]
[TimeControl "180+1"]
[Date "2022.10.26"]
[WhiteClock "0:00:16"]
[BlackClock "0:00:03"]

1. e4 e6 2. d4 d5 3. e5 c5 4. c3 Qb6 5. Nf3 Bd7 6. Be2 cxd4 7. cxd4 Bb5 8. O-O Bxe2 9. Qxe2 Ne7 10. Na3 Nbc6 11. Rd1 Nf5 12. Nc2 Nb4 13. Ne3 Nxe3 14. Bxe3 Be7 15. a3 Nc6 16. b4 O-O 17. Rac1 Rfc8 18. Qd3 h6 19. g4 a6 20. g5 Qb5 21. Qd2 hxg5 22. Bxg5 Bxg5 23. Nxg5 Ne7 24. Qf4 Nf5 25. Qg4 Rc4 26. Rb1 Rac8 27. Rb3 Rc1 28. Rh3 Rxd1+ 29. Qxd1 Qc4 30. Qh5 Nh6 31. Rf3 Qxd4 32. Nxf7 Rc1+ 33. Kg2 Qg4+ 34. Qxg4 Nxg4 35. h3 Nh6 36. Nd6 Re1 37. Nxb7 Rxe5 38. Rc3 Nf5 39. Rc8+ Kh7 40. Nc5 d4 41. Rd8 Re2 42. Kf3 Ra2 43. Nxe6 Rxa3+ 44. Ke4 g6 45. h4 Rh3 46. Ng5+ Kg7 47. Nxh3 1-0


[Site "https://www.chess.com"]

[Event "Titled Tuesday Blitz October 25 Late 2022"]
[White "Banusz, Tamas"]
[Black "Suder, Jakub"]
[WhiteFideId "722413"]
[BlackFideId "1195310"]
[WhiteElo "2602"]
[BlackElo "2174"]
[Result "1-0"]
[Round "05"]
[TimeControl "180+1"]
[Date "2022.10.26"]
[WhiteClock "0:01:46"]
[BlackClock "0:00:27"]

1. Nf3 d5 2. g3 Nf6 3. Bg2 e6 4. O-O Be7 5. d4 O-O 6. c4 dxc4 7. Ne5 Nc6 8. Bxc6 bxc6 9. Nxc6 Qe8 10. Nxe7+ Qxe7 11. b3 cxb3 12. Qxb3 Rd8 13. Ba3 Qd7 14. Nc3 Ba6 15. Rfd1 Rab8 16. Qc2 Nd5 17. Ne4 Bb5 18. Nc5 Qc6 19. Rac1 Nb6 20. f3 Na4 21. Nb3 Qxc2 22. Rxc2 a6 23. Kf2 Rd7 24. Rdc1 c6 25. e3 Nb6 26. Na5 Ba4 27. Nxc6 Re8 28. Rb2 Nd5 29. Ne5 Rdd8 30. e4 Nf6 31. Ke3 h5 32. Rc7 Nd7 33. Rbb7 Nxe5 34. dxe5 Bb5 35. Bd6 f5 36. Rxg7+ Kh8 37. Rh7+ Kg8 38. Rbg7# 1-0


[Site "https://www.chess.com"]

[Event "Titled Tuesday Blitz October 25 Late 2022"]
[White "Banzea, Alexandru-Bogdan"]
[Black "Annaberdiyev, Babageldi"]
[WhiteFideId "1232622"]
[BlackFideId "14000385"]
[WhiteElo "2294"]
[BlackElo "2332"]
[Result "1/2-1/2"]
[Round "05"]
[TimeControl "180+1"]
[Date "2022.10.26"]
[WhiteClock "0:00:28"]
[BlackClock "0:01:50"]

1. d4 e6 2. Bf4 c5 3. e3 Nc6 4. Nf3 Nf6 5. Nbd2 d5 6. c3 cxd4 7. exd4 Bd6 8. Bg3 h5 9. Bd3 a6 10. Qe2 g6 11. Bxd6 Qxd6 12. Ne5 Ng4 13. f4 Nh6 14. O-O Ne7 15. Rae1 O-O 16. h3 h4 17. Kh2 Kg7 18. Qf2 Nhf5 19. Ndf3 Rh8 20. Ng5 Rf8 21. Ngf3 Rh8 22. Ng5 Rf8 23. Ngf3 1/2-1/2


[Site "https://www.chess.com"]

[Event "Titled Tuesday Blitz October 25 Late 2022"]
[White "Barria Zuniga, Daniel"]
[Black "Gritsenko, Nikolai"]
[WhiteFideId "3400816"]
[BlackFideId "14112493"]
[WhiteElo "2414"]
[BlackElo "2389"]
[Result "1-0"]
[Round "05"]
[TimeControl "180+1"]
[Date "2022.10.26"]
[WhiteClock "0:00:11"]
[BlackClock "0:00:01"]

1. d4 d5 2. c4 Nc6 3. Nc3 dxc4 4. Nf3 Nf6 5. e4 Bg4 6. d5 Ne5 7. Bf4 Ng6 8. Bg3 e5 9. dxe6 Bxe6 10. Nd4 Bd7 11. Bxc4 Bd6 12. O-O Bxg3 13. hxg3 O-O 14. Qb3 Rb8 15. Rad1 c6 16. Rfe1 b5 17. Bxf7+ Rxf7 18. e5 c5 19. Nc6 c4 20. Qc2 Bxc6 21. Rxd8+ Rxd8 22. exf6 Rxf6 23. a4 a6 24. axb5 axb5 25. b3 h5 26. bxc4 bxc4 27. Na2 Rd4 28. Rd1 Rxd1+ 29. Qxd1 h4 30. gxh4 Nxh4 31. f3 Nxg2 32. Qd4 Bxf3 33. Qxc4+ Kh7 34. Nc3 Nf4 35. Qc8 Rg6+ 36. Kf1 Bg4 37. Qb8 Bh3+ 38. Kf2 Nd3+ 39. Ke3 Nc5 40. Qb1 Ne6 41. Qh1 Rh6 42. Qe4+ 1-0


[Site "https://www.chess.com"]

[Event "Titled Tuesday Blitz October 25 Late 2022"]
[White "Baskakov, Egor"]
[Black "Yurovskykh, Oleksandr"]
[WhiteFideId "24197866"]
[BlackFideId "14134020"]
[WhiteElo "2211"]
[BlackElo "2303"]
[Result "1-0"]
[Round "05"]
[TimeControl "180+1"]
[Date "2022.10.26"]
[WhiteClock "0:01:29"]
[BlackClock "0:00:05"]

1. e4 d5 2. exd5 Qxd5 3. Nf3 Bg4 4. Be2 Nc6 5. Nc3 Qd7 6. O-O O-O-O 7. Re1 Nf6 8. d3 e6 9. h3 Bh5 10. Ne5 Bxe2 11. Qxe2 Nxe5 12. Qxe5 Bd6 13. Qg5 Rhg8 14. Ne4 Be7 15. Qa5 a6 16. a4 Nd5 17. Bd2 Qc6 18. c4 Nf6 19. Qc3 Nxe4 20. Rxe4 Bf6 21. Qc2 Rd4 22. Rxd4 Bxd4 23. Rb1 Qc5 24. Be1 a5 25. b4 axb4 26. Bxb4 Qf5 27. Qe2 Kd7 28. a5 Ra8 29. Bd2 b6 30. Rb5 Qf6 31. Be1 c6 32. Rb1 bxa5 33. Rb7+ Ke8 34. Qe4 Rc8 35. Qxh7 Bc5 36. d4 Bf8 37. Qg8 a4 38. Bb4 c5 39. Bxc5 Rxc5 40. dxc5 Qe5 41. Qxf7+ 1-0


[Site "https://www.chess.com"]

[Event "Titled Tuesday Blitz October 25 Late 2022"]
[White "Bayo Milagro, Alvaro"]
[Black "Predke, Alexandr"]
[WhiteFideId "22275240"]
[BlackFideId "24107581"]
[WhiteElo "2270"]
[BlackElo "2614"]
[Result "0-1"]
[Round "05"]
[TimeControl "180+1"]
[Date "2022.10.26"]
[WhiteClock "0:00:03"]
[BlackClock "0:00:05"]

1. e4 c5 2. Nf3 e6 3. d4 cxd4 4. Nxd4 Nc6 5. Nc3 Qc7 6. Be3 a6 7. Qf3 h5 8. O-O-O Ne5 9. Qg3 h4 10. Qh3 b5 11. f4 Nc4 12. Bxc4 Qxc4 13. Kb1 Bb7 14. Nb3 Qc7 15. Rhe1 Rc8 16. Re2 Nf6 17. e5 Nd5 18. Nxd5 Bxd5 19. f5 Qxe5 20. Rdd2 Be4 21. fxe6 Qxe6 22. g4 Bb4 23. Rd4 Be7 24. Bg5 Bxc2+ 25. Rxc2 Rxc2 26. Bxe7 Re2 27. Bb4 Qg6+ 28. Qd3 Qxd3+ 29. Rxd3 Rxh2 30. Nc5 Ke7 31. Rxd7+ Kf6 32. Bc3+ Kg6 33. Nd3 f6 34. Nf4+ Kg5 35. Ne6+ Kxg4 36. Rxg7+ Kf5 37. Nd4+ Ke4 38. Rg4+ Kd3 39. Rf4 Rh1+ 0-1


[Site "https://www.chess.com"]

[Event "Titled Tuesday Blitz October 25 Late 2022"]
[White "Besedes, Danilo"]
[Black "Mazurkiewicz, Michal"]
[WhiteFideId "946796"]
[BlackFideId "1124943"]
[WhiteElo "2352"]
[BlackElo "2063"]
[Result "1-0"]
[Round "05"]
[TimeControl "180+1"]
[Date "2022.10.26"]
[WhiteClock "0:01:02"]
[BlackClock "0:00:02"]

1. Nf3 Nf6 2. d4 g6 3. Bg5 Bg7 4. Nbd2 d5 5. e3 O-O 6. Be2 c6 7. c3 Qb6 8. Qb3 Bf5 9. O-O Nbd7 10. h3 h6 11. Bh4 g5 12. Bg3 Ne4 13. Nxe4 Bxe4 14. Nd2 Bg6 15. c4 dxc4 16. Nxc4 Qxb3 17. axb3 c5 18. dxc5 Nxc5 19. b4 Ne4 20. Be5 f6 21. Bd4 a6 22. Rfd1 e5 23. Bc5 Nxc5 24. bxc5 Rac8 25. b4 f5 26. Rd7 Rf7 27. Rad1 Rc7 28. Rd8+ Kh7 29. Nb6 a5 30. Bc4 Rf8 31. Rxf8 Bxf8 32. Rd7+ Rxd7 33. Nxd7 Be7 34. bxa5 e4 35. c6 bxc6 36. a6 Be8 37. a7 1-0


[Site "https://www.chess.com"]

[Event "Titled Tuesday Blitz October 25 Late 2022"]
[White "Bogaudinov, Rushan"]
[Black "Amburgy, Ryan"]
[WhiteFideId "4129288"]
[BlackFideId "30924820"]
[WhiteElo "1945"]
[BlackElo "2121"]
[Result "0-1"]
[Round "05"]
[TimeControl "180+1"]
[Date "2022.10.26"]
[WhiteClock "0:00:09"]
[BlackClock "0:00:31"]

1. d4 Nf6 2. Nf3 e6 3. e3 b6 4. Be2 Bb7 5. O-O Be7 6. c4 c5 7. Nc3 cxd4 8. Nxd4 O-O 9. Bf3 Qc8 10. Bxb7 Qxb7 11. b3 Nc6 12. Bb2 Rfd8 13. Qf3 a6 14. Rfd1 Qc7 15. Rac1 h6 16. Nxc6 dxc6 17. Ne4 Nxe4 18. Qxe4 a5 19. g3 Bf8 20. Be5 Qb7 21. Rd3 f5 22. Rxd8 fxe4 23. Rxa8 Qxa8 24. Rd1 Be7 25. Rd7 Bf6 26. Bxf6 gxf6 27. Re7 e5 28. h4 Qd8 29. Re6 c5 30. Kg2 h5 31. Rc6 Kf7 32. Kf1 Kg6 33. Kg2 Kf5 34. Kf1 Qd1+ 35. Kg2 Qf3+ 36. Kg1 Kg4 37. Kf1 Kh3 38. Ke1 Kg2 39. Kd2 Qxf2+ 40. Kc1 Qxe3+ 41. Kb2 Qd2+ 42. Ka3 e3 43. Rxf6 e2 0-1


[Site "https://www.chess.com"]

[Event "Titled Tuesday Blitz October 25 Late 2022"]
[White "Bongo Akanga Ndjila, Barthelemy"]
[Black "Milchev, Nikolay"]
[WhiteFideId "10609431"]
[BlackFideId "2906090"]
[WhiteElo "1768"]
[BlackElo "2449"]
[Result "0-1"]
[Round "05"]
[TimeControl "180+1"]
[Date "2022.10.26"]
[WhiteClock "0:01:46"]
[BlackClock "0:02:30"]

1. d4 d5 2. c4 c6 3. Nc3 Nf6 4. Nf3 dxc4 5. e4 b5 6. Be2 e6 7. O-O Bb7 8. a4 a6 9. Bg5 Be7 10. a5 O-O 11. Re1 h6 12. Bxf6 Bxf6 13. e5 Be7 14. Qc1 c5 15. dxc5 Bxc5 16. Rd1 Qe7 17. Qc2 Nc6 18. Ne4 Nb4 19. Qb1 Rfd8 20. b3 Rxd1+ 21. Bxd1 Nd3 22. Nxc5 Qxc5 23. bxc4 Qxf2+ 24. Kh1 Qf1+ 25. Ng1 Bxg2# 0-1


[Site "https://www.chess.com"]

[Event "Titled Tuesday Blitz October 25 Late 2022"]
[White "Bordi, Kevin"]
[Black "Goroshkov, Maksym"]
[WhiteFideId "621862"]
[BlackFideId "14142716"]
[WhiteElo "2816"]
[BlackElo "2257"]
[Result "1-0"]
[Round "05"]
[TimeControl "180+1"]
[Date "2022.10.26"]
[WhiteClock "0:00:13"]
[BlackClock "0:00:07"]

1. e4 e5 2. Nf3 d6 3. d4 Bg4 4. dxe5 Nd7 5. Be2 Bxf3 6. Bxf3 Nxe5 7. Be2 Nf6 8. Nc3 Be7 9. f4 Nc6 10. O-O O-O 11. Bf3 Qd7 12. Re1 Rad8 13. Nd5 Nxd5 14. Qxd5 Bf6 15. c3 Rfe8 16. Be3 Qe6 17. Rad1 Qxd5 18. Rxd5 a6 19. Rdd1 h6 20. Kf2 g5 21. e5 gxf4 22. Bxf4 dxe5 23. Bxc6 bxc6 24. Bxh6 Rd6 25. Be3 Red8 26. Ke2 Be7 27. Rf1 Kg7 28. g3 Kg6 29. h4 f5 30. h5+ Kxh5 31. Rxf5+ Kg6 32. Rdf1 Bf6 33. g4 Rh8 34. R1f2 Rh3 35. R5f3 Rxf3 36. Kxf3 Rd1 37. g5 Be7 38. Re2 Rf1+ 39. Ke4 Rf5 40. Rg2 Bd6 41. Rh2 Bf8 42. Rh8 Bg7 43. Ra8 Rf1 44. Rxa6 Rb1 45. Rxc6+ Kf7 46. Rxc7+ Kg6 47. Rc6+ Kf7 48. Rb6 Bf8 49. g6+ Kg8 50. Rb7 Re1 51. Kd3 e4+ 52. Kd2 Rb1 53. Bd4 Bh6+ 54. Kc2 Rc1+ 55. Kb3 e3 56. g7 Bxg7 57. Rxg7+ Kf8 58. Rg2 Re1 59. Kc2 e2 60. Kd2 Rb1 61. Rxe2 Rxb2+ 62. Kd3 Rb7 63. c4 Ra7 64. Bxa7 1-0


[Site "https://www.chess.com"]

[Event "Titled Tuesday Blitz October 25 Late 2022"]
[White "Boruchovsky, Avital"]
[Black "Yoo, Christopher Woojin"]
[WhiteFideId "2800055"]
[BlackFideId "30909694"]
[WhiteElo "2466"]
[BlackElo "2463"]
[Result "0-1"]
[Round "05"]
[TimeControl "180+1"]
[Date "2022.10.26"]
[WhiteClock "0:00:21"]
[BlackClock "0:00:14"]

1. e4 c6 2. c4 d5 3. cxd5 cxd5 4. exd5 Nf6 5. Nf3 Nxd5 6. Nc3 Nc6 7. Bb5 e6 8. Qa4 Bd7 9. Nxd5 exd5 10. O-O Be7 11. Re1 O-O 12. Qb3 Bf6 13. h3 Qb6 14. d3 Na5 15. Qxd5 Qxb5 16. Qd6 Rfe8 17. Bd2 Qc6 18. Qg3 b6 19. Ne5 Qd5 20. Bc3 Bf5 21. Re3 Nc6 22. Rae1 Nxe5 23. Bxe5 Rxe5 24. Rxe5 Bxe5 25. Rxe5 Qxd3 26. Re3 Qd1+ 27. Kh2 Qd7 28. Re5 Be6 29. h4 f6 30. Re3 Re8 31. h5 Qf7 32. Qh4 Bd7 33. Rd3 Re5 34. g4 Bc6 35. Qg3 Qe7 36. f3 Re2+ 37. Kh3 Qe5 38. Rd8+ Kf7 39. Rc8 Qxg3+ 40. Kxg3 Bd5 41. Rc7+ Re7 42. Rc8 Bxa2 43. f4 h6 44. Kf2 Be6 45. f5 Bxc8 46. b4 Ba6 0-1


[Site "https://www.chess.com"]

[Event "Titled Tuesday Blitz October 25 Late 2022"]
[White "Boskovic, Drasko"]
[Black "Papp, Petra"]
[WhiteFideId "927368"]
[BlackFideId "739049"]
[WhiteElo "2388"]
[BlackElo "2259"]
[Result "1-0"]
[Round "05"]
[TimeControl "180+1"]
[Date "2022.10.26"]
[WhiteClock "0:00:06"]
[BlackClock "0:00:01"]

1. e4 e5 2. Nf3 Nf6 3. d3 Nc6 4. g3 d5 5. exd5 Nxd5 6. Bg2 Bc5 7. O-O O-O 8. Nc3 Nxc3 9. bxc3 Bg4 10. h3 Bh5 11. Rb1 Bb6 12. Qe1 Qf6 13. Nd2 Rfe8 14. Nc4 Bf3 15. Rb5 Bxg2 16. Kxg2 Nd4 17. cxd4 Qc6+ 18. Qe4 Qxb5 19. dxe5 Qa4 20. Qe2 Bd4 21. f4 f6 22. Bb2 Bxb2 23. Nxb2 Qc6+ 24. Kh2 b5 25. d4 Qd5 26. c3 a5 27. Nd3 b4 28. cxb4 axb4 29. Nxb4 Qxd4 30. Rb1 Ra3 31. e6 Qc3 32. Qf2 Rb8 33. Nd5 Rxb1 34. Nxc3 Rxc3 35. e7 Kf7 36. Qe2 Ke8 37. h4 Rbc1 38. Kh3 R1c2 39. Qe6 Rc6 40. Qg8+ 1-0


[Site "https://www.chess.com"]

[Event "Titled Tuesday Blitz October 25 Late 2022"]
[White "Burke, Paul"]
[Black "Cortes Orihuela, Javier"]
[WhiteFideId "2605767"]
[BlackFideId "3414329"]
[WhiteElo "1846"]
[BlackElo "2080"]
[Result "0-1"]
[Round "05"]
[TimeControl "180+1"]
[Date "2022.10.26"]
[WhiteClock "0:00:30"]
[BlackClock "0:00:17"]

1. e4 e5 2. Nf3 Nc6 3. Bc4 Nf6 4. d4 exd4 5. O-O d6 6. c3 Be7 7. cxd4 O-O 8. Nc3 Bg4 9. Be3 Na5 10. Be2 c5 11. e5 dxe5 12. dxe5 Nd7 13. Qd5 Nc6 14. Bf4 Nb6 15. Qxd8 Rfxd8 16. Rad1 Be6 17. h3 Nc4 18. Bxc4 Bxc4 19. b3 Bxf1 20. Rxf1 Nd4 21. Nxd4 cxd4 22. Ne4 Rac8 23. Rd1 f6 24. exf6 Bxf6 25. Nxf6+ gxf6 26. Rd2 Kf7 27. Kh2 Rd7 28. Kg3 d3 29. Kf3 Rc2 30. g3 Rxd2 31. Bxd2 Ke6 32. Ke3 h5 33. f4 f5 34. Kf3 Kd5 35. Ke3 Rg7 36. Be1 Re7+ 37. Kd2 Re2+ 38. Kd1 Ke4 39. Bc3 Rxa2 0-1


[Site "https://www.chess.com"]

[Event "Titled Tuesday Blitz October 25 Late 2022"]
[White "Buscar, Michael"]
[Black "Senthil Maran K"]
[WhiteFideId "2603616"]
[BlackFideId "25035681"]
[WhiteElo "2010"]
[BlackElo "2109"]
[Result "1-0"]
[Round "05"]
[TimeControl "180+1"]
[Date "2022.10.26"]
[WhiteClock "0:00:57"]
[BlackClock "0:00:02"]

1. Nf3 d5 2. b3 Nf6 3. Bb2 g6 4. e3 Bg7 5. c4 O-O 6. cxd5 Qxd5 7. Be2 c5 8. O-O Nc6 9. Nc3 Qf5 10. a3 Rd8 11. Qb1 Qxb1 12. Raxb1 Bf5 13. Rbc1 b6 14. Rfd1 Bd3 15. Ne1 Bxe2 16. Nxe2 Rac8 17. d3 Nd5 18. Bxg7 Kxg7 19. Nc3 Nxc3 20. Rxc3 Rd5 21. Rdc1 Rcd8 22. b4 Ne5 23. bxc5 Nxd3 24. Nxd3 Rxd3 25. Rxd3 Rxd3 26. cxb6 axb6 27. Ra1 Kf6 28. Kf1 Rb3 29. Ke2 Rb2+ 30. Kf3 Ke5 31. a4 f5 32. a5 bxa5 33. Rxa5+ Kf6 34. h4 Rb4 35. g3 h6 36. Ra6+ e6 37. Ra5 Rb2 38. Ra6 g5 39. hxg5+ hxg5 40. Ra8 Rd2 41. Ra6 Ke5 42. Ra4 g4+ 43. Kg2 Kd5 44. Ra5+ Ke4 45. Ra6 e5 46. Ra4+ Kd3 47. Ra5 Ke4 48. Rb5 Rd5 49. Rb4+ Kd3 50. Rb2 Kc3 51. Ra2 Kb3 52. Ra8 Kc2 53. Rf8 e4 54. Ra8 Kd1 55. Ra1+ Ke2 56. Ra2+ Rd2 57. Ra5 Ke1 58. Rxf5 Rc2 59. Rf4 Rd2 60. Rxg4 Rxf2+ 61. Kh3 Ke2 62. Rxe4 Rf8 63. Kg4 Rg8+ 64. Kf4 Kf2 65. g4 Rf8+ 66. Kg5 Kg3 67. Re7 Rg8+ 68. Kf6 Kxg4 69. e4 Rf8+ 70. Ke6 Kg5 71. e5 Kg6 72. Kd7 Rf1 73. Re8 Rd1+ 74. Ke7 Kg7 75. Ra8 Rd2 76. e6 Rd3 77. Ra4 1-0


[Site "https://www.chess.com"]

[Event "Titled Tuesday Blitz October 25 Late 2022"]
[White "Caruana, Fabiano"]
[Black "Abdyzhapar, Asylbek"]
[WhiteFideId "2020009"]
[BlackFideId "13800337"]
[WhiteElo "2847"]
[BlackElo "2323"]
[Result "1-0"]
[Round "05"]
[TimeControl "180+1"]
[Date "2022.10.26"]
[WhiteClock "0:00:12"]
[BlackClock "0:00:02"]

1. e4 c6 2. d4 d5 3. Nd2 dxe4 4. Nxe4 Nf6 5. Ng5 h6 6. N5f3 Bf5 7. Bd3 Bxd3 8. Qxd3 e6 9. Ne2 Nbd7 10. O-O Be7 11. c4 O-O 12. Nc3 Qc7 13. Qe2 Rfe8 14. Be3 Rad8 15. h3 e5 16. d5 e4 17. Nd4 Ne5 18. Nf5 Bb4 19. Rad1 Bxc3 20. d6 Qd7 21. Ne7+ Kh8 22. bxc3 b6 23. c5 Qe6 24. Bd4 Nd3 25. Nxc6 Rc8 26. Nxa7 Ra8 27. cxb6 Nf4 28. Qd2 N6h5 29. d7 Red8 30. Be3 Qf5 31. g4 Nxh3+ 32. Kh2 Qxg4 33. Rg1 Nxg1 34. Rxg1 Qh4+ 35. Kg2 Nf6 36. Qd6 Rxd7 37. Qg3 Qh5 38. Rh1 Qf5 39. Nc6 Rxa2 40. Nd4 Qg6 41. Qxg6 fxg6 42. Rb1 Rb7 43. c4 Nd7 44. Ne6 Rc2 45. c5 Ne5 46. Nd8 Rb8 47. b7 Rxd8 48. b8=Q Rxb8 49. Rxb8+ Kh7 50. Kg3 g5 51. Re8 Nd3 52. Re7 Kg6 53. Bd4 Kf5 54. Rxg7 Nxc5 55. Rc7 Rd2 56. Bxc5 Rd3+ 57. Be3 Rd5 58. Rc6 h5 59. Kg2 h4 60. Rc8 Kg4 61. Re8 Kf5 62. Re7 Rb5 63. Kh3 Rd5 64. Re8 Rb5 65. Rg8 Kf6 66. Kg4 Re5 67. Rxg5 Rxg5+ 68. Bxg5+ Ke5 69. Kxh4 Kf5 70. Be3 1-0


[Site "https://www.chess.com"]

[Event "Titled Tuesday Blitz October 25 Late 2022"]
[White "Celestino, Rafael Teixeira"]
[Black "Korchmar, Vasiliy"]
[WhiteFideId "2108925"]
[BlackFideId "24131750"]
[WhiteElo "2457"]
[BlackElo "2370"]
[Result "0-1"]
[Round "05"]
[TimeControl "180+1"]
[Date "2022.10.26"]
[WhiteClock "0:01:13"]
[BlackClock "0:01:27"]

1. e4 c5 2. Nf3 d6 3. Bc4 e6 4. d4 cxd4 5. Nxd4 Nf6 6. Nc3 a6 7. O-O b5 8. Bd3 Nbd7 9. Bg5 Bb7 10. Re1 Be7 11. Qd2 Rc8 12. Rad1 O-O 13. a3 Ne5 14. Bf1 Qb6 15. Kh1 Rfe8 16. f4 Nc4 17. Qc1 h6 18. Bh4 Nxe4 19. Nxe4 Bxh4 20. Re2 f5 21. Nf3 Be7 22. Ng3 Bxf3 23. gxf3 Qc6 24. Rxe6 Bf6 25. Bxc4 Qxf3+ 26. Kg1 bxc4 27. Rdxd6 Rxe6 28. Rxe6 Bd4+ 0-1


[Site "https://www.chess.com"]

[Event "Titled Tuesday Blitz October 25 Late 2022"]
[White "Clawitter, Craig"]
[Black "Bettalli, Francesco"]
[WhiteFideId "2023105"]
[BlackFideId "2816453"]
[WhiteElo "2250"]
[BlackElo "2216"]
[Result "1-0"]
[Round "05"]
[TimeControl "180+1"]
[Date "2022.10.26"]
[WhiteClock "0:00:10"]
[BlackClock "0:01:48"]

1. e4 e5 2. Nf3 Nf6 3. Nxe5 Nc6 4. Nxc6 dxc6 5. d3 Bc5 6. Be2 h5 7. c3 Ng4 8. d4 Qh4 9. g3 Qf6 10. O-O Bb6 11. Na3 Qg6 12. Nc4 h4 13. Bxg4 Bxg4 14. Ne5 Bxd1 15. Nxg6 fxg6 16. Rxd1 hxg3 17. hxg3 Kd7 18. Kg2 Rh5 19. Be3 Rah8 20. Rh1 Ke6 21. g4 Rh4 22. Rxh4 Rxh4 23. f3 Rh8 24. Rh1 Re8 25. f4 Kf7 26. Kf3 a5 27. f5 gxf5 28. gxf5 a4 29. a3 Rf8 30. e5 g6 31. f6 Ke6 32. Rh7 Rf7 33. Rxf7 Kxf7 34. Kg4 Ba7 35. Kg5 b5 36. e6+ Kxe6 37. Kxg6 c5 38. dxc5 c6 39. Kg7 Bb8 40. f7 Be5+ 41. Kg8 1-0


[Site "https://www.chess.com"]